 Dungeon Crawl Stone Soup version 0.26.0-16-gc1dbca0489 (webtiles) character file.

Game seed: 167142707068676813

749 Forgeling the Sneak (level 7, -1/51 HPs)
             Began as a Gnoll Enchanter on Jan 19, 2021.
             Slain by a hound (4 damage)
             ... on level 4 of the Dungeon.
             The game lasted 00:16:23 (2119 turns).

Forgeling the Sneak (Gnoll Enchanter)               Turns: 2119, Time: 00:16:24

Health: -1/51      AC:  3    Str: 10    XL:     7   Next: 77%
Magic:  3/15       EV: 14    Int: 20    God:
Gold:   298        SH:  0    Dex: 15    Spells: 8/17 levels left

rFire    . . .     SeeInvis .   a - +1 dagger
rCold    . . .     Faith    +   (no shield)
rNeg     . . .     Spirit   .   q - +0 leather armour
rPois    .         Reflect  .   (no helmet)
rElec    .         Harm     .   (no cloak)
rCorr    .         Rampage  .   (no gloves)
Will     .....                  (no boots)
Stlth    +++.......             s - amulet of faith
HPRegen  0.17/turn              (no ring)
MPRegen  0.14/turn              (no ring)

@: no status effects
A: distributed training, fangs 1, strong nose
a: no special abilities


You were on level 4 of the Dungeon.
You visited 1 branch of the dungeon, and saw 5 of its levels.

You collected 298 gold pieces.

Inventory:

Hand Weapons
 a - a +1 dagger (weapon)
 u - a +0 dagger of draining
Armour
 b - a +0 robe
 q - a +0 leather armour (worn)
Jewellery
 m - an uncursed amulet of guardian spirit
 s - an amulet of faith (around neck)
Wands
 f - a wand of disintegration (10)
 h - a wand of acid (9)
Scrolls
 d - a scroll of enchant armour {unknown}
 e - 2 scrolls of blinking {unknown}
 g - a scroll of teleportation {unknown}
 i - a scroll of fog {unknown}
 j - a scroll of immolation {unknown}
 n - a scroll of enchant weapon {unknown}
 r - 2 scrolls of remove curse {unknown}
 v - a scroll of noise {unknown}
Potions
 c - a potion of mutation
 k - a potion of brilliance {unknown}
 l - a potion of resistance {unknown}
 o - 2 potions of invisibility {unknown}
 p - a potion of heal wounds {unknown}
 t - a potion of haste {unknown}
 J - 2 potions of curing {@q1}
 L - 2 potions of flight
 M - a potion of might
 T - a potion of berserk rage


   Skills:
 + Level 2.7 Fighting
 + Level 3.8 Short Blades
 + Level 2.7 Long Blades
 + Level 2.7 Axes
 + Level 2.7 Maces & Flails
 + Level 2.7 Polearms
 + Level 2.7 Staves
 + Level 2.7 Slings
 + Level 2.7 Bows
 + Level 2.7 Crossbows
 + Level 2.7 Throwing
 + Level 2.7 Armour
 + Level 5.3 Dodging
 + Level 6.6 Stealth
 + Level 2.7 Shields
 + Level 2.7 Unarmed Combat
 + Level 5.7 Spellcasting
 + Level 2.2 Conjurations
 + Level 5.9 Hexes
 + Level 2.2 Summonings
 + Level 2.2 Necromancy
 + Level 2.2 Translocations
 + Level 2.2 Transmutations
 + Level 2.2 Fire Magic
 + Level 2.2 Ice Magic
 + Level 2.2 Air Magic
 + Level 2.2 Earth Magic
 + Level 2.2 Poison Magic
 + Level 3.0 Invocations
 + Level 2.7 Evocations


You had 8 spell levels left.
You knew the following spells:

 Your Spells              Type           Power        Failure   Level
a - Corona                Hex            32%          1%          1
g - Ensorcelled Hibernat  Hex/Ice        44%          4%          2
h - Confusing Touch       Hex            29%          3%          3
j - Tukima's Dance        Hex            29%          3%          3

Your spell library contained the following spells:

 Spells                   Type           Power        Failure   Level
 Dazzling Flash           Conj/Hex       44%          8%          3


Dungeon Overview and Level Annotations

Branches:
Dungeon (5/15)
 Temple: D:4-7

Altars:
Ashenzari


Innate Abilities, Weirdness & Mutations

Your experience applies equally to all skills.
You have very sharp teeth.
Your uncanny sense of smell can sniff out nearby items.


Message History

You hit the hound. You bite the hound, but do no damage.
The hound is lightly wounded.
You hit the hound but do no damage.
The hound is lightly wounded.
You hit the hound.
The hound is moderately wounded.
You hit the hound. You bite the hound, but do no damage.
The hound is moderately wounded.
You hit the hound.
The hound is heavily wounded.
You barely miss the hound.
The hound is moderately wounded.
You hit the hound.
The hound is heavily wounded.
You hit the hound but do no damage.
The hound is heavily wounded.
You hit the hound but do no damage.
The hound is heavily wounded.
The hound bites you.
You die...

##
##.........#
#
#..........#
#..........#
#..........#
#..........##
#...........#
#...........#
#...........#
#....h@.....#
#...........#
#......>...##
##.....##..#
########..#
#..## #...#
#####


You could see a hound (confused).

Vanquished Creatures
  Sigmund (D:2)
  An ogre (D:5)
  A howler monkey (D:3)
  A bullfrog zombie (D:5)
  2 hounds
  5 orc wizards
  Jessica (D:3)
  Natasha (D:2)
  2 worker ants (D:4)
  A hound zombie (D:5)
  6 adders
  A shadow imp (D:4)
  A white imp (D:4)
  An ooze (D:1)
  2 dart slugs
  2 leopard geckos (D:4)
  9 orcs
  A ball python (D:4)
  2 bats
  2 giant cockroaches
  6 goblins
  2 hobgoblins
  5 jackals (D:1)
  A quokka (D:4)
  2 frilled lizards
  6 rats
65 creatures vanquished.

Vanquished Creatures (collateral kills)
  2 orcs (D:4)
2 creatures vanquished.

Grand Total: 67 creatures vanquished

Notes
Turn   | Place    | Note
-------+----------+-------------------------------------------
     0 | D:1      | Forgeling the Gnoll Enchanter began the quest for the Orb.
     0 | D:1      | Reached XP level 1. HP: 13/13 MP: 6/6
   111 | D:1      | Reached XP level 2. HP: 19/19 MP: 7/7
   115 | D:1      | Learned a level 2 spell: Ensorcelled Hibernation
   393 | D:2      | Reached XP level 3. HP: 25/25 MP: 9/9
   397 | D:2      | Learned a level 3 spell: Confusing Touch
   401 | D:2      | Learned a level 3 spell: Tukima's Dance
   435 | D:2      | Reached skill level 5 in Spellcasting
   454 | D:2      | Reached skill level 6 in Stealth
   527 | D:2      | Reached skill level 1 in Invocations
   573 | D:2      | Noticed Sigmund
   593 | D:2      | Killed Sigmund
   594 | D:2      | Reached skill level 1 in Fighting
   594 | D:2      | Reached skill level 1 in Long Blades
   594 | D:2      | Reached skill level 1 in Axes
   594 | D:2      | Reached skill level 1 in Maces & Flails
   594 | D:2      | Reached skill level 1 in Polearms
   594 | D:2      | Reached skill level 1 in Staves
   594 | D:2      | Reached skill level 1 in Slings
   594 | D:2      | Reached skill level 1 in Bows
   594 | D:2      | Reached skill level 1 in Crossbows
   594 | D:2      | Reached skill level 1 in Throwing
   594 | D:2      | Reached skill level 1 in Armour
   594 | D:2      | Reached skill level 1 in Shields
   594 | D:2      | Reached skill level 1 in Unarmed Combat
   594 | D:2      | Reached skill level 1 in Conjurations
   594 | D:2      | Reached skill level 1 in Summonings
   594 | D:2      | Reached skill level 1 in Necromancy
   594 | D:2      | Reached skill level 1 in Translocations
   594 | D:2      | Reached skill level 1 in Transmutations
   594 | D:2      | Reached skill level 1 in Fire Magic
   594 | D:2      | Reached skill level 1 in Ice Magic
   594 | D:2      | Reached skill level 1 in Air Magic
   594 | D:2      | Reached skill level 1 in Earth Magic
   594 | D:2      | Reached skill level 1 in Poison Magic
   594 | D:2      | Reached skill level 1 in Evocations
   594 | D:2      | Reached XP level 4. HP: 20/32 MP: 3/11
   594 | D:2      | Reached XP level 5. HP: 23/37 MP: 3/12
   681 | D:2      | Noticed Natasha
   688 | D:2      | Killed Natasha
   728 | D:2      | Found a broken altar of Ashenzari.
   925 | D:4      | Reached XP level 6. HP: 44/44 MP: 10/13
   980 | D:3      | Noticed Jessica
   982 | D:3      | Killed Jessica
  1073 | D:3      | Found a faded altar of an unknown god.
  1301 | D:5      | Entered Level 5 of the Dungeon
  1316 | D:5      | Noticed a sky beast
  1319 | D:5      | Reached skill level 5 in Dodging
  1400 | D:3      | Reached XP level 7. HP: 39/50 MP: 2/15
  2102 | D:5      | HP: 2/51 [hound (4)]
  2119 | D:4      | Slain by a hound

Illustrated notes

Levels and vault maps discovered:
D:1:      dpeg_arrival_simpleton_b, layout_basic
D:2:      layout_basic, nicolae_overflow_crystal_walls, serial_glass,
          glass_columns_b, glass_columns_a, tso_altar, uniq_sigmund,
          uniq_natasha
D:3:      layout_basic, general_overflow_altar, chequers_ecumenical_altar_lobes,
          minmay_misc_feat_rows, minmay_statues_item,
          chequers_serial_rivers_small_b, uniq_jessica
D:4:      layout_cave_pods, grunt_decor_arrowhead
D:5:      layout_rooms, cheibrodos_sewer_entry_sluice, ebering_ghost_sewer_f,
          uniq_crazy_yiuf_cottage

Skill      XL: |  1  2  3  4  5  6  7 |
---------------+----------------------+-----
Spellcasting   | 5 |  5.7
Stealth        | 6 |  6.6
Invocations    | 1 2 3 |  3.0
Fighting       | 1 2 |  2.7
Short Blades   | 3 |  3.8
Long Blades    | 1 2 |  2.7
Axes           | 1 2 |  2.7
Maces & Flails | 1 2 |  2.7
Polearms       | 1 2 |  2.7
Staves         | 1 2 |  2.7
Slings         | 1 2 |  2.7
Bows           | 1 2 |  2.7
Crossbows      | 1 2 |  2.7
Throwing       | 1 2 |  2.7
Armour         | 1 2 |  2.7
Shields        | 1 2 |  2.7
Unarmed Combat | 1 2 |  2.7
Conjurations   | 1 2 |  2.2
Summonings     | 1 2 |  2.2
Necromancy     | 1 2 |  2.2
Translocations | 1 2 |  2.2
Transmutations | 1 2 |  2.2
Fire Magic     | 1 2 |  2.2
Ice Magic      | 1 2 |  2.2
Air Magic      | 1 2 |  2.2
Earth Magic    | 1 2 |  2.2
Poison Magic   | 1 2 |  2.2
Evocations     | 1 2 |  2.7
Dodging        | 5 |  5.3
Hexes          | |  5.9

Action                   |  1- 3 |  4- 6 |  7- 9 || total
-------------------------+-------+-------+-------++-------
Melee: Dagger            |    48 |    51 |    94 ||   193
       Bite              |     5 |     2 |    12 ||    19
       Punch             |     1 |     1 |     1 ||     3
 Cast: Ensorcelled Hiber |    14 |     9 |    21 ||    44
       Corona            |     2 |       |       ||     2
       Tukima's Dance    |       |     4 |       ||     4
       Confusing Touch   |       |     2 |     5 ||     7
  Use: Scroll            |       |     3 |     1 ||     4
       Potion            |       |       |     1 ||     1
 Stab: Sleeping          |    12 |    11 |    13 ||    36
       Confused          |       |     2 |     5 ||     7
Armor: Robe              |    13 |     5 |     1 ||    19
       Leather armour    |       |       |     2 ||     2
Dodge: Dodged            |    34 |    35 |    68 ||   137
